 Dungeon Crawl Stone Soup version 0.30-a0-374-g95c0257040 (webtiles) character file.

Game seed: 12950332216511520430

9234 Grillzange the Basher (level 11, -35/102 HPs)
             Began as a Minotaur Berserker on Nov 25, 2022.
             Was a High Priest of Trog.
             Killed from afar by a deep elf pyromancer (37 damage)
             ... with a bolt of fire
             ... on level 12 of the Dungeon.
             The game lasted 00:16:56 (11526 turns).

Grillzange the Basher (Minotaur Berserker)         Turns: 11526, Time: 00:16:56

Health: -35/102    AC: 16    Str: 33    XL:     11   Next: 20%
Magic:  10/10      EV:  9    Int:  4    God:    Trog [*****.]
Gold:   637        SH:  0    Dex:  9    Spells: 10/10 levels left

rFire   . . .      SeeInvis .    u - +5 mace (chaos)
rCold   + . .      Faith    .    (no shield)
rNeg    . . .      Spirit   .    t - +0 plate armour
rPois   .          Reflect  .    (helmet restricted)
rElec   .          Harm     .    n - +0 cloak
rCorr   .          Rampage  .    (no gloves)
Will    .....                    (no boots)
Stlth   ..........               (no amulet)
HPRegen 0.37/turn                p - ring of protection from cold
MPRegen 0.12/turn                b - +6 ring of strength

@: on berserk cooldown, slowed, very slow
A: horns 2, retaliatory headbutt
a: Renounce Religion, Berserk, Trog's Hand, Brothers in Arms


You were on level 12 of the Dungeon.
You worshipped Trog.
Trog was extremely pleased with you.
You visited 1 branch of the dungeon, and saw 12 of its levels.

You collected 637 gold pieces.

Inventory:

Hand Weapons
 u - a +5 mace of chaos (weapon)
Missiles
 g - a throwing net (quivered)
Armour
 n - a +0 cloak (worn)
 t - a +0 plate armour (worn)
Jewellery
 b - a +6 ring of strength (right hand)
 h - an amulet of magic regeneration
 p - a ring of protection from cold (left hand)
 r - a ring of willpower
Wands
 i - a wand of flame (12)
 v - a wand of roots (7)
 x - a wand of mindburst (7)
Scrolls
 a - a scroll of teleportation
 j - 3 scrolls of identify
Potions
 c - 9 potions of curing
 d - 2 potions of heal wounds
 e - 2 potions of flight
 f - a potion of lignification {unknown}
 k - 3 potions of brilliance
 l - 6 potions of degeneration
 m - 2 potions of resistance
 o - a potion of mutation {unknown}
 q - a potion of berserk rage {unknown}
 s - a potion of haste {unknown}
 w - a potion of magic {unknown}


   Skills:
 + Level 11.0 Fighting
 - Level 14.9 Maces & Flails
 + Level 10.6 Armour
 - Level 2.1 Dodging
 + Level 2.1 Evocations


You had 10 spell levels left.
You didn't know any spells.
Your spell library was empty.

Dungeon Overview and Level Annotations

Branches:
Dungeon (12/15)            Temple (0/1) D:6            Lair (0/5) D:11
    Orc (0/2) D:9

Altars:
Ashenzari
Cheibriados
Dithmenos
Fedhas
Gozag
Hepliaklqana
Kikubaaqudgha
Nemelex Xobeh
Ru
Sif Muna
Trog
Vehumet
Wu Jian
Xom
Zin
The Shining One

Shops:
D:6 !   D:7 *

Portals:
Trove: D:10 (give horn of Geryon)

Annotations:
D:4 2 transporters, exclusion: statue


Innate Abilities, Weirdness & Mutations

You have a pair of horns on your head.
You reflexively headbutt those who attack you in melee.


Message History

The deep elf pyromancer flickers and vanishes!
Deactivating autopickup; reactivate with Ctrl-A.
You headbutt something! The fire elemental hits you.
The fire elemental burns you!
You hear some strange, mumbled words.
You closely miss something. The fire elemental hits you.
The fire elemental burns you! Something hits you.
A gargoyle comes into view. It is wielding a +0 mace.
The fire elemental hits you. The fire elemental burns you!
The fire elemental hits you. The fire elemental burns you!
You barely miss something. Your headbutt misses something.
The fire elemental hits you. The fire elemental burns you!
The fire elemental barely misses you. Something completely misses you.
You barely miss something. Your headbutt misses something.
The fire elemental hits you. The fire elemental burns you!
The fire elemental hits you. The fire elemental burns you!
* * * LOW HITPOINT WARNING * * *
The fire elemental hits you. The fire elemental burns you!
* * * LOW HITPOINT WARNING * * *
You hear some strange, mumbled words.
A bolt of fire appears from out of thin air!
The bolt of fire hits you!
* * * LOW HITPOINT WARNING * * *
The bolt of fire hits the fire elemental.
The fire elemental completely resists.
Okay, then.
Okay, then.
Okay, then.
You feel much better. The fire elemental hits you.
The fire elemental burns you!
* * * LOW HITPOINT WARNING * * *
The fire elemental hits you. The fire elemental burns you!
* * * LOW HITPOINT WARNING * * *
The fire elemental hits you. The fire elemental burns you!
* * * LOW HITPOINT WARNING * * *
The fire elemental barely misses you.
You hear some strange, mumbled words.
A bolt of fire appears from out of thin air!
The bolt of fire hits you!!!
You die...

...........#
#.........# ..
.......$# #.).##....#
........#####...##....#
.......<.......###....#
#....9..##.....# ######
#.......##.....#
#..##........#># #$
##...E.E.#..# #
#.#..@E○##...
#....#.{.°....#
#...###........# .!...
..........#
.................#
.................#
.................#
...............


You could see 3 fire elementals and a gargoyle.

Vanquished Creatures
  Harold (D:9)
  A two-headed ogre (D:10)
  A cyclops (D:11)
  A gargoyle (D:10)
  2 kobold demonologists (D:11)
  2 polar bears
  A troll (D:9)
  2 centaur simulacra (D:10)
  2 wraiths
  7 yaks
  2 vampire mosquitoes (D:10)
  Menkaure (D:7)
  2 acid dragons
  An ice beast (D:6)
  4 orc warriors
  2 sky beasts
  2 black bears (D:6)
  A wolf (D:10)
  A centaur (D:9)
  A phantom (D:7)
  2 kobold brigands
  5 bullfrogs
  2 gnoll sergeants
  2 necrophages
  3 scorpions (D:5)
  4 wights (D:8)
  15 killer bees
  6 howler monkeys
  4 jellies
  2 orc priests
  Crazy Yiuf (D:3)
  4 hounds
  Terence (D:2)
  2 iguanas
  4 orc wizards
  13 gnolls
  8 adders
  2 shadow imps
  A white imp (D:4)
  An ufetubus (D:10)
  3 worms
  28 orcs
  7 endoplasms
  2 giant cockroaches
  14 goblins
  15 hobgoblins
  7 jackals (D:2)
  24 kobolds
  5 quokkas
  5 ball pythons
  6 frilled lizards
  3 rats
238 creatures vanquished.

Vanquished Creatures (collateral kills)
  Prince Ribbit (D:6)
1 creature vanquished.

Vanquished Creatures (others)
  A human (D:9)
  3 plants (D:4)
4 creatures vanquished.

Grand Total: 243 creatures vanquished

Notes
Turn   | Place    | Note
-------+----------+-------------------------------------------
     0 | D:1      | Grillzange the Minotaur Berserker began the quest for the
                  | Orb.
     0 | D:1      | Reached XP level 1. HP: 19/19 MP: 0/0
    99 | D:1      | Reached skill level 4 in Maces & Flails
   172 | D:1      | Reached XP level 2. HP: 26/26 MP: 1/1
   432 | D:1      | Reached skill level 5 in Maces & Flails
   556 | D:2      | Found an ornate altar of the Wu Jian Council.
   556 | D:2      | Noticed Terence
   559 | D:2      | Killed Terence
   560 | D:2      | Reached XP level 3. HP: 31/31 MP: 2/2
   826 | D:2      | Reached skill level 6 in Maces & Flails
   826 | D:2      | Reached XP level 4. HP: 21/39 MP: 3/3
   916 | D:2      | Noticed a gnoll sergeant
   948 | D:2      | Killed a gnoll sergeant
   949 | D:2      | Reached skill level 7 in Maces & Flails
   949 | D:2      | Reached XP level 5. HP: 34/45 MP: 0/4
   993 | D:2      | Found the +3 woodcutter's axe {vorpal}
  1309 | D:2      | Reached ** piety under Trog
  2033 | D:3      | Reached skill level 8 in Maces & Flails
  2174 | D:3      | Found a runed translucent door.
  2175 | D:3      | Noticed Crazy Yiuf
  2520 | D:3      | Killed Crazy Yiuf
  2521 | D:3      | Reached XP level 6. HP: 43/51 MP: 5/5
  2770 | D:4      | Found a transporter.
  2775 | D:4      | Found a transporter.
  2838 | D:4      | Reached *** piety under Trog
  2851 | D:4      | Noticed a kobold demonologist
  2909 | D:4      | Found a snail-covered altar of Cheibriados.
  2928 | D:4      | Found a sacrificial altar of Ru.
  3118 | D:4      | Found a radiant altar of Vehumet.
  3438 | D:5      | Entered Level 5 of the Dungeon
  3443 | D:5      | Reached skill level 9 in Maces & Flails
  3591 | D:5      | Reached XP level 7. HP: 57/57 MP: 6/6
  3604 | D:5      | Reached skill level 10 in Maces & Flails
  4054 | D:6      | Found Bujefal's Distillery.
  4078 | D:6      | Noticed Prince Ribbit
  4085 | D:6      | Killed Prince Ribbit
  4086 | D:6      | Reached skill level 11 in Maces & Flails
  4088 | D:6      | Reached XP level 8. HP: 53/64 MP: 7/7
  4140 | D:6      | Found a staircase to the Ecumenical Temple.
  4215 | D:6      | Found a blossoming altar of Fedhas.
  4287 | D:6      | Reached skill level 12 in Maces & Flails
  4372 | D:6      | Reached skill level 5 in Fighting
  5209 | D:7      | Noticed Menkaure
  5404 | D:7      | Reached **** piety under Trog
  5405 | D:7      | Reached skill level 5 in Armour
  5425 | D:7      | Found Curghu Yqyfi's Neck Hole.
  5478 | D:7      | Found a shadowy altar of Dithmenos.
  6249 | D:7      | Killed Menkaure
  6250 | D:7      | Reached XP level 9. HP: 69/77 MP: 8/8
  6585 | D:8      | Reached skill level 13 in Maces & Flails
  6879 | D:8      | Found a hazy altar of Hepliaklqana.
  7238 | D:8      | Found a glowing silver altar of Zin.
  7377 | D:9      | Found a shimmering altar of Xom.
  7514 | D:9      | Found a staircase to the Orcish Mines.
  7668 | D:9      | Noticed Harold
  7687 | D:9      | Killed Harold
  7687 | D:9      | Reached ***** piety under Trog
  7688 | D:9      | Reached XP level 10. HP: 48/90 MP: 9/9
  8052 | D:9      | Reached skill level 14 in Maces & Flails
  8139 | D:9      | Found a glowing golden altar of the Shining One.
  8216 | D:9      | Identified the +10 short sword of Sequestration {vorpal,
                  | rElec}
  8703 | D:9      | Found an ornate altar of the Wu Jian Council.
  8750 | D:9      | Found a sparkling altar of Nemelex Xobeh.
  8812 | D:9      | Found an ancient bone altar of Kikubaaqudgha.
  8978 | D:10     | Entered Level 10 of the Dungeon
  9118 | D:10     | Reached skill level 10 in Fighting
  9314 | D:10     | Noticed a gargoyle
  9349 | D:10     | Killed a gargoyle
  9473 | D:10     | Found a portal to a secret trove of treasure.
  9506 | D:10     | Found an opulent altar of Gozag.
  9578 | D:10     | Noticed a two-headed ogre
  9589 | D:10     | Killed a two-headed ogre
  9590 | D:10     | Reached skill level 10 in Armour
  9849 | D:10     | Found a bloodstained altar of Trog.
  9850 | D:10     | Found a shimmering blue altar of Sif Muna.
  9949 | D:10     | Found a broken altar of Ashenzari.
 10028 | D:10     | Reached XP level 11. HP: 96/101 MP: 10/10
 10339 | D:11     | HP: 2/101 [cyclops/large rock (39)]
 10765 | D:11     | Reached skill level 1 in Evocations
 10784 | D:11     | Found a staircase to the Lair.
 10864 | D:11     | Noticed a soul eater
 11407 | D:12     | Noticed a deep elf pyromancer
 11525 | D:12     | HP: 3/102 [something/bolt of fire (13)]
 11526 | D:12     | Killed from afar by a deep elf pyromancer

Illustrated notes

Levels and vault maps discovered:
D:1:      psy_arrival_basics, layout_rooms, hex_intersection,
          chequers_serial_rivers_room_a, minmay_lizard_pond
D:2:      layout_loops_corners, basic_altar, pf_guarded_unrand_woodcutter,
          uniq_terence
D:3:      layout_loops_ring, uniq_crazy_yiuf_cottage
D:4:      gammafunk_wand_slinger, layout_cave_pools,
          mainiacjoe_overflow_concentric_impassable, vehumet_statue,
          nicolae_ru_awakened_eye, corexii_shack
D:5:      layout_rooms
D:6:      layout_gridville, mainiacjoe_overflow_six_doors_small,
          minmay_temple_entry_water_ring, serial_rivers,
          chequers_serial_rivers_large_b, chequers_serial_rivers_micro_c,
          chequers_serial_rivers_room_b, chequers_serial_rivers_micro_e,
          chequers_serial_rivers_marsh, chequers_serial_rivers_large_a,
          serial_shops, nicolae_shop_advertising_works
          [nicolae_subvault_shop_adworks], uniq_prince_ribbit1
D:7:      corexii_shantytown, layout_gridville,
          nicolae_dithmenos_through_a_glass_darkly,
          nicolae_shop_sticking_my_neck_out, uniq_menkaure
D:8:      layout_basic, nicolae_hepliaklqana_hazy_memory, zin_scriptorium,
          kennysheep_cross_room
D:9:      layout_long_grid, tgw_kikubaaqudgha, tso_metal_star,
          marbit_many_paths, xom_teletrap_fun, mainiacjoe_overflow_tiny_flanked,
          orc_0_dummy, uniq_harold
D:10:     layout_loops_ring, grunt_gozag_statues, mainiacjoe_overflow_paths,
          amcnicky_altar_gilded, kennysheep_mini_moat, serial_ice, serial_ice_h,
          serial_ice_k, serial_ice_d, serial_ice_f,
          nicolae_trove_entry_diagonal, evilmike_butchery
D:11:     layout_cave_pools, lair_entry_dummy
D:12:     layout_rooms, eino_jars

Skill      XL: |  1  2  3  4  5  6  7  8  9 10 11 |
---------------+----------------------------------+-----
Maces & Flails | 4 5 6 7 8 9 11 12 13 14 | 14.9
Fighting       | 6 8 10 11 | 11.0
Armour         | 5 8 10 | 10.6
Evocations     | 2 |  2.1
Dodging        | |  2.1

Action                   |  1- 3 |  4- 6 |  7- 9 | 10-12 || total
-------------------------+-------+-------+-------+-------++-------
Melee: Mace              |    43 |    18 |    87 |   159 ||   307
       Headbutt          |    10 |    13 |    41 |    27 ||    91
       Punch             |       |     1 |     2 |     2 ||     5
       Battleaxe         |       |   120 |   161 |       ||   281
Throw: Throwing net      |       |       |       |     2 ||     2
Invok: Berserk           |     1 |       |     2 |     5 ||     8
       Trog's Hand       |       |       |     1 |     1 ||     2
  Use: Scroll            |       |     6 |    14 |     1 ||    21
       Potion            |       |       |       |     3 ||     3
Armor: Animal skin       |     3 |       |       |       ||     3
       Chain mail        |     9 |    50 |    71 |       ||   130
       Plate armour      |       |       |    44 |    90 ||   134
Dodge: Dodged            |    24 |    46 |    74 |    66 ||   210

Table legend: (Time is in decaauts)
 A = Elapsed time spent in this place.
 B = Non-inter-level travel time spent in this place.
 C = Inter-level travel time spent in this place.
 D = Time resting spent in this place.
 E = Time spent auto-exploring this place.
 F = Levels seen in this place.
 G = Mean time per level.
                   A        B        C        D        E       F      G
               +--------+--------+--------+--------+--------+-----+--------+
         Total |  11605 |  11087 |    518 |   1585 |   7965 |  12 |  967.1 |
       Dungeon |  11605 |  11087 |    518 |   1585 |   7965 |  12 |  967.1 |
               +--------+--------+--------+--------+--------+-----+--------+

Top non-repeatable levels by time:
    D:10: 1702 daAuts
     D:8: 1504 daAuts
     D:9: 1356 daAuts
     D:2: 1278 daAuts
     D:6: 1247 daAuts
     D:7: 1048 daAuts
     D:4: 851 daAuts
     D:3: 791 daAuts
     D:5: 606 daAuts
    D:11: 583 daAuts
     D:1: 536 daAuts
    D:12: 98 daAuts
